[Event "Late-Titled-Tuesday-Blitz-June-18-2024"]
[Site "Chess.com"]
[Date "2024.06.18"]
[Round "5"]
[White "stollenmonster"]
[Black "Omranalhosani21"]
[Result "1-0"]
[WhiteElo "2892"]
[BlackElo "2542"]
[TimeControl "180+1"]
[EndTime "14:58:48 PDT"]
[Termination "stollenmonster won by resignation"]

1. e4 c5 2. Nf3 Nc6 3. Nc3 e6 4.
Be2 Nf6 5. O-O Be7 6. d4 cxd4 7.
Nxd4 O-O 8. Be3 d6 9. h3 Nxd4 10. Bxd4 e5 11. Be3 Be6 12. Qd2 a6 13. a4 Rc8 14. Rfd1 Qc7 15. a5 Qc6 16. Bf3 Rfd8 17. Bb6 Rd7 18. Nd5 Bxd5 19. exd5 Qc4 20. b3 Qh4 21. c4 e4 22. Be2 Bf8 23. Rac1 Re8 24. Rc3 g6 25. Be3 Re5 26. Bd4 Rf5 27. g4 e3 28. Bxe3 Ne4 29. Qe1 Nxc3 30. Qxc3 Re5 31. Bf1 Bg7 32. Bd4 Rde7 33. Bxe5 Bxe5 34. Qf3 Qg5 35. b4 h5 36. c5 Kg7 37. c6 hxg4 38. Qxg4 Qf6 39. Rd3 Rc7 40. Rf3 Qe7 41. b5 axb5 42.
Bxb5 bxc6 43. dxc6 Bf6 44. Re3 Qd8 45. a6 Qb8 46.
Qc4 Qb6 47. Rd3 Be5 48. Kg2 Re7 49. Rd5 Bf6 50. h4 Re6 51. h5 Qd8 52. c7 Be5 53. cxd8=Q 1-0

[Event "Late-Titled-Tuesday-Blitz-June-18-2024"]
[Site "Chess.com"]
[Date "2024.06.18"]
[Round "5"]
[White "amintabatabaei"]
[Black "vladislavkovalev"]
[Result "1/2-1/2"]
[WhiteElo "3031"]
[BlackElo "2869"]
[TimeControl "180+1"]
[EndTime "14:58:49 PDT"]
[Termination "Game drawn by repetition"]

1. d4 Nf6 2. Nf3 e6 3. c3 d5 4. Bf4 c5 5. e3 Nc6 6. Nbd2 cxd4 7. exd4 Nh5 8. Be3 Bd6 9. Bd3 Nf4 10. Bxf4 Bxf4 11. O-O O-O 12. Re1 f6 13. g3 Bd6 14.
c4 b6 15. cxd5 exd5 16. Qb3 Ne7 17. Ne4 Bg4 18. Nh4 Kh8 19. Nxd6 Qxd6 20. Re3 Nc6 21. Qc3 Rac8 22. Rae1 Nb4 23. Qd2 Nxd3 24. Qxd3 Bd7 25.
Nf5 Qb4 26. Nxg7 Kxg7 27. Re7+ Rf7 28. Rxf7+ Kxf7 29. Qxh7+ Kf8 30. Re3 Re8 31. Rf3 Qd6 32. h4 Qe7 33. Qg6 Qe1+ 34. Kh2 Re6 35. Rxf6+ Rxf6 36. Qxf6+ Ke8 37. h5 Qf1 38. h6 Qh3+ 39. Kg1 Bg4 40. Qh8+ Kd7 41. Qg7+ Ke6 42. Qe5+ Kf7 43.
Qg7+ Ke6 44. Qg6+ Ke7 45. Qg5+ Ke6 46. h7 Bf3 47. Qe3+ Be4 48. f3 Qxg3+ 49. Kf1 Qh3+ 50. Ke2 Qh2+ 51. Kd1 Qh1+ 52. Kd2 Qh2+ 53. Kc3 Qc2+ 54. Kb4 Qc4+ 55. Ka3 Qa6+ 56. Kb3 Qc4+ 57. Ka3 Qa6+ 58.
Kb4 Qc4+ 59. Ka3 1/2-1/2

[Event "Late-Titled-Tuesday-Blitz-June-18-2024"]
[Site "Chess.com"]
[Date "2024.06.18"]
[Round "5"]
[White "Sanyura"]
[Black "Statham_01"]
[Result "0-1"]
[WhiteElo "2528"]
[BlackElo "2710"]
[TimeControl "180+1"]
[EndTime "14:58:49 PDT"]
[Termination "Statham_01 won by checkmate"]

1. e4 c5 2. Nf3 d6 3. d4 cxd4 4. Nxd4 Nf6 5. f3 g6 6. c4 Bg7 7. Nc3 O-O 8. Be3 Nc6 9. Be2 Be6 10. O-O Nxd4 11. Bxd4 Nd7 12. Bxg7 Kxg7 13. b3 Rc8 14. f4 Qb6+ 15. Kh1 f6 16. f5 Bf7 17. fxg6 hxg6 18.
Bg4 e6 19. Qf3 Qd4 20. Rad1 Qe5 21. Qd3 Nc5 22. Qe3 Rh8 23. h3 f5 24. Bf3 Rh4 25. Ne2 Rch8 26. Kg1 Nxe4 27. Qd4 Qxd4+ 28. Rxd4 e5 29.
Rdd1 b6 30. Bxe4 Rxe4 31. Ng3 Re3 32. Kf2 f4 33. Ne2 g5 34. Rxd6 Bh5 35. Ng1 Rf8 36. Re1 Rxe1 37. Kxe1 e4 38. Rd7+ Kg8 39. Re7 e3 40.
Re5 Kh7 41. Rxg5 Kh6 42. Rd5 Rg8 43. Ne2 Bxe2 44. Kxe2 Rxg2+ 45. Kf1 Rf2+ 46. Ke1 Rxa2 47. Rf5 Rf2 48. b4 Kg6 49. Rf8 Kg5 50. c5 bxc5 51.
bxc5 Rc2 52. Rg8+ Kf5 53. Rh8 f3 54. Rf8+ Ke4 55. Re8+ Kd3 56. Rd8+ Kc4 57. Rf8 Rc1# 0-1

[Event "Late-Titled-Tuesday-Blitz-June-18-2024"]
[Site "Chess.com"]
[Date "2024.06.18"]
[Round "5"]
[White "jcmesafischer"]
[Black "unkiyto"]
[Result "1/2-1/2"]
[WhiteElo "2369"]
[BlackElo "2616"]
[TimeControl "180+1"]
[EndTime "14:58:49 PDT"]
[Termination "Game drawn by repetition"]

1. e4 c5 2. Nc3 d6 3. g3 g6 4. Bg2 Bg7 5. d3 e6 6. Nge2 Ne7 7. Bg5 Nbc6 8. Qd2 h6 9. Be3 Bd7 10. O-O h5 11. d4 cxd4 12. Nxd4 O-O 13. Rad1 Ne5 14.
b3 Rc8 15. h3 a6 16. Nce2 N5c6 17. c4 a5 18. Nb5 d5 19. exd5 exd5 20. cxd5 Nb4 21.
Nd6 Rc2 22. Qe1 Rxa2 23. Nxb7 Qc8 24. Nxa5 Nc2 25. Qd2 Qa6 26. Rc1 Nxe3 27. Qxa2 Nxf1 28. Bxf1 Bb5 29. b4 Qd6 30. Qd2 Rd8 31. Nc3 Bxf1 32.
Rxf1 Qxb4 33. d6 Rxd6 34. Qe3 Re6 35. Qa7 Qxc3 36. Nb7 Qc7 37. Qa8+ Kh7 38. Nd8 Rf6 39. Qa2 Qd7 40. Nxf7 Nd5 41. Ng5+ Kh6 42. Qd2 Qf5 43.
Ne4+ Kh7 44. Nxf6+ Nxf6 45. Qe3 Ne4 46. Qe2 Ng5 47. Re1 Nf3+ 48. Kg2 Nxe1+ 49. Qxe1 Qf6 50. f3 Qf5 51. g4 Qd5 52. Qe4 Qxe4 53. fxe4 Be5 54.
gxh5 gxh5 55. h4 Kg6 56. Kh3 Kf6 57. Kg2 Kg6 58. Kf3 Kf6 59. Kg2 Bf4 60. Kh3 Ke5 61.
Kg2 Kxe4 62. Kf2 Kf5 63. Kg2 Kg4 64. Kh1 Kh3 65. Kg1 Kxh4 66. Kh1 Kh3 67. Kg1 h4 68. Kh1 Bg3 69. Kg1 Kg4 70. Kh1 h3 71. Kg1 h2+ 72.
Kh1 Kf4 73. Kg2 Ke5 74. Kh1 Kd5 75. Kg2 Kc5 76. Kh1 Kd5 77. Kg2 Kc5 78. Kh1 Kd5 1/2-1/2

[Event "Late-Titled-Tuesday-Blitz-June-18-2024"]
[Site "Chess.com"]
[Date "2024.06.18"]
[Round "5"]
[White "Rsnr"]
[Black "Jospem"]
[Result "0-1"]
[WhiteElo "2911"]
[BlackElo "3065"]
[TimeControl "180+1"]
[EndTime "14:58:50 PDT"]
[Termination "Jospem won on time"]

1. d4 Nf6 2. c4 e6 3. Nf3 Bb4+ 4.
Nbd2 O-O 5. a3 Be7 6. e4 d6 7. Be2 Nfd7 8. b4 e5 9. d5 a5 10.
Bb2 c6 11. O-O Na6 12. Nb3 c5 13. bxa5 Nc7 14. Ne1 g6 15. Nc2 Bg5 16. Bc1 Bxc1 17. Qxc1 Qe7 18. Qe3 Ne8 19. a4 Ng7 20. Bd3 Nh5 21. g3 Ndf6 22. Qe2 Re8 23. Na3 Ng7 24. Nb5 Bh3 25. Rfe1 h5 26. f3 Nh7 27. Qe3 Rac8 28. Nd2 Bd7 29. Rab1 h4 30. Na7 Rb8 31. Qh6 Nh5 32.
Kf2 Ng5 33. Be2 Bxa4 34. Rb6 Ra8 35. Nb5 Bxb5 36. Rxb5 Ra7 37. Ra1 Rea8 38. Ke3 hxg3 39. hxg3 Nxg3 40. Bd3 Nh5 41. Nb3 Qf6 42. Be2 Qf4+ 43. Kd3 Qg3 44. Rh1 Nf4+ 45. Kd2 Ngh3 46. Nc1 Rxa5 47. Rxb7 R5a7 48. Rxa7 Rxa7 49. Kc3 Rb7 50.
Bd1 Qf2 51. Nd3 Qd4+ 0-1

[Event "Late-Titled-Tuesday-Blitz-June-18-2024"]
[Site "Chess.com"]
[Date "2024.06.18"]
[Round "5"]
[White "kikoveiga"]
[Black "Beaterawn"]
[Result "1-0"]
[WhiteElo "2720"]
[BlackElo "2373"]
[TimeControl "180+1"]
[EndTime "14:58:52 PDT"]
[Termination "kikoveiga won by resignation"]

1. d4 f5 2. Nc3 Nf6 3. Bg5 d5 4. e3 e6 5. Qf3 Be7 6. Bd3 O-O 7. h4 Ne4 8. Bxe7 Qxe7 9. Nge2 c5 10. dxc5 Nc6 11.
Bxe4 fxe4 12. Qg3 Qxc5 13. h5 e5 14. h6 g6 15. O-O Be6 16. Rad1 Rad8 17. Rd2 b5 18. a3 a5 19. Rfd1 b4 20. axb4 axb4 21. Na2 Qe7 22. Nac1 Rf5 23. c3 Rdf8 24. Rf1 Rg5 25.
Qh2 Rh5 26. Qg3 Rff5 27. f4 exf3 28. Rxf3 Rhg5 29. Qf2 Qf6 30. Rxf5 gxf5 31. cxb4 Nxb4 32. Nd3 Nxd3 33. Rxd3 d4 34. exd4 Bd5 35. Rg3 f4 36. Rxg5+ Qxg5 37. dxe5 f3 38. Nc3 Qc1+ 39. Qf1 Qxf1+ 40.
Kxf1 fxg2+ 41. Kg1 Bb7 42. Nb5 Kf8 43. Nd6 Bc6 44.
b4 Ke7 45. b5 Bd5 46. b6 Kd7 47. b7 Kc7 48. Ne8+ Kxb7 49. Nf6 Bf7 50. Nxh7 Kc7 51. Ng5 Bg8 52. Kxg2 Kd7 53. Kg3 Ke7 54. Kf4 Kf8 55. h7 Bxh7 56. Nxh7+ Kg7 57. Ng5 Kg6 58. e6 Kf6 59.
Ke4 Ke7 60. Ke5 Ke8 61. Kd6 Kf8 62. Kd7 Kg7 63. e7 Kg6 64. e8=Q+ Kxg5 65. Qf8 Kg6 66. Ke6 Kg5 67. Qf3 1-0

[Event "Late-Titled-Tuesday-Blitz-June-18-2024"]
[Site "Chess.com"]
[Date "2024.06.18"]
[Round "5"]
[White "divudis17"]
[Black "esskeettit"]
[Result "0-1"]
[WhiteElo "2334"]
[BlackElo "2515"]
[TimeControl "180+1"]
[EndTime "14:58:54 PDT"]
[Termination "esskeettit won by resignation"]

1. Nf3 d5 2. e3 Nf6 3. c4 e6 4. Nc3 Be7 5. b3 O-O 6. Bb2 b6 7. cxd5 exd5 8. d4 c5 9. Be2 Nc6 10. O-O Bb7 11. dxc5 bxc5 12. Rc1 Rc8 13. Qd2 Qd7 14.
Rfd1 Rfd8 15. h3 Qf5 16. Bd3 Qh5 17. Qe2 Nb4 18. Bb5 a6 19. Ba4 Nc6 20. Rc2 Bd6 21.
Rcd2 Ne7 22. Nh2 Qe5 23. Nf3 Qe6 24. Ng5 Qf5 25. Nf3 h6 26. Qd3 Qe6 27. Ba3 c4 28. bxc4 Bxa3 29. Nxd5 Bc5 30. Nxf6+ gxf6 31. Qxd8+ Rxd8 32.
Rxd8+ Kg7 33. Nd4 Qe4 34. Nf3 Ng6 35. R8d2 Nh4 36. Nxh4 Qxh4 37. Bc2 Qg5 38. e4 Bb4 39. Re2 a5 40. a3 Bc5 41. Rd3 Qe5 42. Kf1 Kf8 43.
Rf3 Qa1+ 44. Re1 Qb2 45. Bd1 Qe5 46. Bc2 Qe6 47. Bd3 Bxa3 48. Rd1 Bb4 49. Be2 Bc6 50. Rfd3 Kg7 51. Rd8 Qe5 52. R8d3 Qxe4 53. Rg3+ Kf8 54. Bf3 Qxc4+ 55. Be2 Qc2 56. Rd8+ Ke7 57. Rd1 Ba4 58.
Re3+ Kf8 59. Rd8+ Kg7 60. g4 Qc1+ 61. Kg2 Bc6+ 62. f3 Qxe3 0-1

[Event "Late-Titled-Tuesday-Blitz-June-18-2024"]
[Site "Chess.com"]
[Date "2024.06.18"]
[Round "5"]
[White "randomo"]
[Black "CFalcons8"]
[Result "1/2-1/2"]
[WhiteElo "2319"]
[BlackElo "2430"]
[TimeControl "180+1"]
[EndTime "14:58:55 PDT"]
[Termination "Game drawn by agreement"]

1. e4 c5 2. Nf3 d6 3. Bb5+ Nd7 4. d4 cxd4 5. Qxd4 a6 6. Bxd7+ Bxd7 7. O-O e5 8. Qd3 Nf6 9. c4 h6 10. Nc3 Be7 11. Rd1 O-O 12. Nd2 Rc8 13. Nf1 Qc7 14. Ne3 Bc6 15. f3 Rfd8 16. b3 Bf8 17. Bb2 Qb8 18. a4 Qa7 19. Kh1 Nd7 20. Ncd5 Nc5 21. Qc2 Ne6 22. a5 Nc7 23. Nb6 Rb8 24. b4 Ne6 25.
Qb3 g6 26. b5 axb5 27. cxb5 Nc5 28. Qc4 Bd7 29. Ned5 Be6 30. Qe2 Bg7 31. Bc1 Nb3 32.
Be3 Bxd5 33. Nxd5 Nd4 34. Bxd4 exd4 35. b6 Qa6 36. Qxa6 bxa6 37. Nc7 Rb7 38. Nxa6 Ra8 39. Nb4 d3 40. Ra2 Bc3 41. Nd5 Bxa5 42. Rda1 d2 43. Ne3 Rxb6 44. Nc4 Rc6 45. Nxd2 Rac8 46. h4 Bxd2 47. Rxd2 Kg7 48. Kh2 Rd8 49. Kg3 Rc5 50. Ra7 d5 51. Rxd5 Rcxd5 52. exd5 Rxd5 53. Kg4 h5+ 54.
Kf4 Rf5+ 55. Kg3 Rf6 56. f4 Re6 57. Kf3 Kf6 58. g3 Rb6 59. Ra5 Ke6 60. Re5+ Kf6 61. Re3 Rb4 62. Ra3 Rb5 63. Re3 Kf5 64. Rc3 f6 65.
Ra3 Rc5 66. Rb3 Rd5 67. Rc3 g5 1/2-1/2

[Event "Late-Titled-Tuesday-Blitz-June-18-2024"]
[Site "Chess.com"]
[Date "2024.06.18"]
[Round "5"]
[White "vesalhamedinia"]
[Black "Smiechu"]
[Result "1-0"]
[WhiteElo "2485"]
[BlackElo "2323"]
[TimeControl "180+1"]
[EndTime "14:58:57 PDT"]
[Termination "vesalhamedinia won on time"]

1. d4 Nf6 2. c4 c5 3. d5 e6 4. Nc3 exd5 5. cxd5 d6 6. Bg5 g6 7. Nf3 Bg7 8. Nd2 Nbd7 9. e4 O-O 10.
Be2 Re8 11. O-O a6 12. a4 Qc7 13. f4 Rb8 14. Kh1 c4 15. Bxc4 Nc5 16. e5 Ng4 17. exd6 Qxd6 18. Qf3 Re3 19. Qd1 h6 20. Bh4 g5 21. Bg3 h5 22. Be2 Rxg3 23. hxg3 Ne3 24. Qe1 Nxf1 25. Qxf1 Bg4 26. Nc4 Qh6 27. Ne5 Re8 28.
fxg5 Qxg5 29. Qxf7+ Kh7 30. Qxe8 Bxe5 31. Bxg4 hxg4 32.
Qf7+ Bg7 33. Rd1 b5 34. axb5 axb5 35. d6 b4 36. d7 Nxd7 37. Rxd7 Qh6+ 38. Kg1 b3 39.
Qf5+ Kh8 40. Rxg7 Qxg7 41. Qh5+ Kg8 42. Qe8+ Kh7 43. Qe4+ Kg8 44. Qc4+ Kh7 45. Qxb3 Qd4+ 46. Kh2 Qe5 47. Qc2+ Kg7 48. Qe4 Qh5+ 49. Kg1 Qc5+ 50. Kf1 Qc8 51. Qe5+ Kh7 52. Qe4+ Kg7 53. Qd4+ Kh7 54.
Kg1 Kg8 55. Qd5+ Kh7 56. Qd3+ Kg7 57. Ne2 Kg8 58. Qd4 Qe6 59. Nf4 Qe1+ 60. Kh2 Qe7 61.
Qd5+ 1-0

[Event "Late-Titled-Tuesday-Blitz-June-18-2024"]
[Site "Chess.com"]
[Date "2024.06.18"]
[Round "5"]
[White "drragnar1"]
[Black "AlexOstrovskiy"]
[Result "0-1"]
[WhiteElo "2418"]
[BlackElo "2726"]
[TimeControl "180+1"]
[EndTime "14:58:58 PDT"]
[Termination "AlexOstrovskiy won on time"]

1. Nf3 c5 2. c4 Nc6 3. g3 g6 4. Bg2 Bg7 5. O-O e6 6. Nc3 Nge7 7. b3 O-O 8. Bb2 d5 9. cxd5 exd5 10. Na4 Bxb2 11.
Nxb2 d4 12. Rc1 b6 13. Nd3 Be6 14. Nf4 Bg4 15. Qc2 Re8 16. Rfe1 Rc8 17. Qb2 Bf5 18. a3 a5 19. d3 Qd6 20. h4 Bg4 21. Qd2 Rcd8 22.
Ng5 Kg7 23. Qb2 h6 24. Ne4 Qd7 25. Nd2 g5 26. f3 gxf4 27. fxg4 Qxg4 28. Nc4 Qxg3 29.
Nxb6 Nf5 30. Rf1 Ne3 31. Rf2 Rd6 32. Rxc5 Rg6 33. Rxc6 Rxc6 34. Qxd4+ Kh7 35. Nc4 Rg6 36. Nxe3 Rxe3 37. Qxf4 Qxf4 38. Rxf4 Rxe2 39. Rf2 Rxf2 40. Kxf2 Rb6 41. Bd5 Kg6 42. Bc4 f5 43. Kg3 Kf6 44. Kf4 Rd6 45. b4 axb4 46. axb4 Rd4+ 47. Kg3 Ke5 48. b5 Rg4+ 49. Kh3 Rg6 50. Bf7 Rf6 51. Bc4 Kf4 52. Kg2 Ke3 53. Kf1 f4 54. h5 f3 55.
Bd5 f2 56. Be4 Rd6 57. b6 Rxb6 58. Kg2 Rb1 59. d4 f1=Q+ 0-1

[Event "Late-Titled-Tuesday-Blitz-June-18-2024"]
[Site "Chess.com"]
[Date "2024.06.18"]
[Round "5"]
[White "AlexanderMatlak"]
[Black "th3d4rkness"]
[Result "1/2-1/2"]
[WhiteElo "2461"]
[BlackElo "2214"]
[TimeControl "180+1"]
[EndTime "14:58:58 PDT"]
[Termination "Game drawn by stalemate"]

1. c4 Nf6 2. Nf3 g6 3. Nc3 Bg7 4. g3 O-O 5. Bg2 d6 6. O-O Nc6 7. Rb1 Bf5 8. d3 Qd7 9. Re1 Bh3 10. Bh1 e5 11. b4 h6 12. b5 Ne7 13. c5 Rac8 14. a4 Nfd5 15. Bb2 Nxc3 16. Bxc3 Nd5 17. Bb2 Rfe8 18. Qb3 dxc5 19. Nxe5 Bxe5 20. Bxd5 Bxb2 21. Rxb2 Be6 22. Bxe6 Rxe6 23. Rc2 b6 24. Rc4 c6 25. e3 cxb5 26. axb5 Rd8 27. Ra1 Rd6 28. d4 cxd4 29. exd4 Rxd4 30. Rxd4 Qxd4 31. Rxa7 Qd1+ 32. Qxd1 Rxd1+ 33. Kg2 Rb1 34. Rb7 Rxb5 35. h4 h5 36. Kf3 Rb4 37.
Kg2 Kg7 38. Kf3 Kf6 39. Kg2 Ke6 40. Kf3 f6 41. Kg2 Kf5 42. Rb8 Rb2 43. Rb7 g5 44. hxg5 fxg5 45. Rf7+ Kg6 46. Rc7 h4 47. gxh4 gxh4 48.
Rc8 b5 49. Rc6+ Kg5 50. Rc5+ Kg4 51. Rc8 h3+ 52. Kg1 h2+ 53. Kxh2 Rxf2+ 54. Kg1 Rf5 55. Kg2 Kf4 56. Kf2 Ke4+ 57. Ke2 Kd4 58. Kd2 Rc5 59. Rxc5 Kxc5 60. Kc3 b4+ 61. Kb3 Kb5 62.
Kb2 Kc4 63. Kc2 b3+ 64. Kb2 Kb4 65. Kb1 Ka5 66. Kb2 Ka4 67. Kb1 Ka3 68. Ka1 Kb4 69.
Kb2 Kc4 70. Kb1 Kc3 71. Kc1 Kb4 72. Kb2 Ka4 73. Kb1 Kb5 74. Kb2 Kb4 75. Kb1 Kc3 76.
Kc1 b2+ 77. Kb1 Kb3 1/2-1/2

[Event "Late-Titled-Tuesday-Blitz-June-18-2024"]
[Site "Chess.com"]
[Date "2024.06.18"]
[Round "5"]
[White "HouseOfDurin"]
[Black "kinga2008"]
[Result "1-0"]
[WhiteElo "2354"]
[BlackElo "2557"]
[TimeControl "180+1"]
[EndTime "14:59:00 PDT"]
[Termination "HouseOfDurin won by resignation"]

1. d4 Nf6 2. Bg5 Ne4 3. h4 d5 4.
Nd2 Nxg5 5. hxg5 c5 6. c3 Nc6 7. e3 e5 8. f4 cxd4 9. cxd4 exd4 10. exd4 Nxd4 11. Ngf3 Nxf3+ 12. Qxf3 Bb4 13. O-O-O Bf5 14. Bb5+ Kf8 15. Bd3 Qd7 16. Rh4 Rc8+ 17. Kb1 Bxd3+ 18. Qxd3 Bxd2 19. Rxd2 Qc6 20. Rh1 Rd8 21. Rxh7 Rxh7 22. Qxh7 d4 23. Re2 Qg6+ 24. Qxg6 fxg6 25. Re4 Kf7 26.
Kc2 Rc8+ 27. Kd2 Rc4 28. b3 Rc3 29. Rxd4 Rg3 30. Rd7+ Ke6 31. Rxg7 Kf5 32. Rf7+ Ke4 33. Rxb7 Kxf4 34. Rxa7 Kxg5 35. b4 Kf4 36. b5 Rxg2+ 37. Kc3 g5 38. b6 Rg1 39. Kc2 Rg2+ 40. Kc3 Rg1 41. Ra3 g4 42. Rb3 Rc1+ 43. Kd2 Rc8 44. b7 Rd8+ 45. Ke2 Rb8 46. a4 g3 47.
Kf1 Kg4 48. Kg2 Kf4 49. Rf3+ Ke4 50. Rb3 Kd4 51. a5 Kc4 52. Rb2 Kc3 53. Rb1 Kc2 54. Rb6 Kc3 55. a6 Kc4 56. a7 Rf8 57. b8=Q Rf2+ 58.
Kh3 Ra2 59. Kxg3 Kd3 60. a8=Q Kc2 61. Rb2+ Rxb2 62. Qxb2+ Kxb2 63. Qd5 Kc3 64. Qe4 Kd2 65. Qf3 Kc2 66. Qe3 Kd1 67. Qf2 Kc1 68. Kf3 Kd1 69. Ke3 Kc1 70. Kd3 Kd1 1-0

[Event "Late-Titled-Tuesday-Blitz-June-18-2024"]
[Site "Chess.com"]
[Date "2024.06.18"]
[Round "5"]
[White "chessforme17"]
[Black "Zq1"]
[Result "1-0"]
[WhiteElo "2371"]
[BlackElo "2481"]
[TimeControl "180+1"]
[EndTime "14:59:00 PDT"]
[Termination "chessforme17 won on time"]

1. Nf3 Nf6 2. g3 g6 3. Bg2 Bg7 4. O-O O-O 5. c4 d6 6. d4 Nbd7 7. Nc3 e5 8. e4 c6 9. Re1 Re8 10.
Qc2 exd4 11. Nxd4 Qb6 12. Be3 Ng4 13. Nf5 Nxe3 14. Nxe3 a5 15. Rad1 Qc7 16. Qd2 a4 17. Qxd6 Qxd6 18. Rxd6 a3 19. Rd2 axb2 20. Ned1 Rxa2 21.
e5 Nxe5 22. Kf1 Be6 23. Nxb2 Rxb2 24. Rxb2 Bxc4+ 25. Ne2 Nd3 26. Rc2 Bb3 27. Rcc1 Nxe1 28.
Kxe1 Bb2 29. Rb1 Bc3+ 30. Kf1 Bc4 31. Bf3 Bxe2+ 32. Bxe2 Re7 33. Rc1 Bd4 34. h4 h5 35.
Rd1 c5 36. Rb1 Rc7 37. Bc4 Kg7 38. Rb6 Bf6 39. Kg2 Bd8 40. Rb5 Be7 41. Rb6 Kf8 42.
f4 Ke8 43. Rb1 f5 44. Rb6 Kf8 45. Rxg6 Bd8 46. Rh6 b5 47. Bxb5 c4 48. Rxh5 c3 49.
Rxf5+ Kg7 50. Bd3 c2 51. Bxc2 Rxc2+ 52. Kf3 Rc3+ 53. Kg4 Bb6 54. Rg5+ Kf6 55. h5 Kf7 56. Rg6 Bf2 57. Kh3 Rc1 58. Kg2 Rc2 59. Kf3 Be1 60. g4 Rf2+ 61. Ke3 Rg2 62. Ke4 Bd2 63. Kf5 Rf2 64. Rf6+ Ke7 65. Kg5 Bc1 66. h6 Rf1 67. h7 Rh1 68. Rh6 Bxf4+ 69. Kg6 Rxh6+ 70. Kg7 1-0

[Event "Late-Titled-Tuesday-Blitz-June-18-2024"]
[Site "Chess.com"]
[Date "2024.06.18"]
[Round "5"]
[White "Yaacovn"]
[Black "rhungaski"]
[Result "1-0"]
[WhiteElo "2799"]
[BlackElo "2606"]
[TimeControl "180+1"]
[EndTime "14:59:02 PDT"]
[Termination "Yaacovn won on time"]

1. d4 d6 2. Nf3 g6 3. e3 Bg7 4.
Bc4 Nf6 5. O-O O-O 6. b3 c6 7. Bb2 b5 8. Be2 Bb7 9. c4 a6 10. Nc3 Nbd7 11. Qc2 Qb8 12. Rad1 Rc8 13. Qb1 d5 14. cxd5 cxd5 15. Rc1 e6 16. Ba3 Bc6 17. Be7 Ne8 18. Bh4 Qb7 19. Bg3 Bf8 20. Rc2 Ba3 21.
Qa1 Be7 22. Rfc1 Ba3 23. Rd1 Be7 24. Nb1 b4 25. Rdc1 Bb5 26. Rxc8 Rxc8 27. Rxc8 Qxc8 28. Bxb5 axb5 29. Qb2 Nef6 30. Ne1 Ne4 31. Qc2 Nc3 32. Nd3 Nb6 33. f3 Qa6 34. Be1 Qxa2 35. Qxa2 Nxa2 36. Kf1 Nc4 37. bxc4 dxc4 38. Ke2 cxd3+ 39. Kxd3 b3 40. Bd2 f5 41. h3 Kf7 42. e4 Ke8 43. Nc3 Nxc3 44.
Bxc3 Ba3 45. Ba5 b4 46. Bc7 Kd7 47. Be5 Kc6 48. g4 fxe4+ 49. fxe4 Kb5 50. d5 exd5 51. exd5 Kc5 52. d6 Kc6 53. Bf4 b2 54. Kc2 b1=Q+ 55. Kxb1 b3 56. Bh6 Kd7 57. Bg7 Ke6 58. Bh6 Kd7 59. Bg7 h5 60. gxh5 gxh5 61. Bh6 Ke6 62. Bg7 Kf7 63. Bh6 Kf6 64. Bf8 Ke6 65. d7 1-0

[Event "Late-Titled-Tuesday-Blitz-June-18-2024"]
[Site "Chess.com"]
[Date "2024.06.18"]
[Round "5"]
[White "Good_Knight_Kiss"]
[Black "IMJonathanCarlstedt"]
[Result "1/2-1/2"]
[WhiteElo "2385"]
[BlackElo "2596"]
[TimeControl "180+1"]
[EndTime "14:59:03 PDT"]
[Termination "Game drawn - insufficient material"]

1. e4 e5 2. Nf3 Nc6 3. Bb5 a6 4.
Ba4 Nf6 5. O-O Bc5 6. c3 b5 7.
Bb3 d6 8. a4 Rb8 9. d4 Bb6 10. a5 Ba7 11. Be3 Bg4 12. dxe5 Bxf3 13. Qxf3 Nxe5 14. Qh3 Bxe3 15. Qxe3 O-O 16. Nd2 c5 17. f4 Ng6 18. Bc2 Re8 19. Qf2 b4 20.
Bd3 Qc8 21. Rfe1 bxc3 22. bxc3 Rb2 23. Rab1 Ra2 24. Ra1 Rxa1 25. Rxa1 c4 26. Bc2 Qg4 27. g3 Qh3 28. Qg2 Qxg2+ 29. Kxg2 d5 30. e5 Ng4 31. Nf1 Rb8 32. Rb1 Rxb1 33. Bxb1 Ne7 34. Kf3 Nh6 35.
g4 Kf8 36. Ne3 g6 37. Bc2 Ke8 38. Ba4+ Kd8 39. Nc2 Nhg8 40. Nb4 h5 41. h3 hxg4+ 42. hxg4 f6 43. Nxa6 g5 44. Nb4 gxf4 45. exf6 Nxf6 46. Kxf4 Ne4 47. Nxd5 Nxd5+ 48. Kxe4 Nxc3+ 49. Kd4 Nxa4 50. Kxc4 Nb2+ 51. Kb5 Nd3 52. Kb6 Kc8 53. g5 Ne5 54. a6 Kb8 55. Kc5 Ka7 56. Kd6 Ng6 57. Ke6 Kxa6 58.
Kf6 Nh4 59. Kf7 Kb6 60. Kg7 Kc6 61.
Kh6 Kd6 62. Kh5 Nf5 63. Kg6 Ng3 64. Kf6 Nh5+ 65. Kf7 Ke5 66. g6 Kf5 67. g7 Nxg7 1/2-1/2

[Event "Late-Titled-Tuesday-Blitz-June-18-2024"]
[Site "Chess.com"]
[Date "2024.06.18"]
[Round "5"]
[White "pooh2012"]
[Black "monomita"]
[Result "0-1"]
[WhiteElo "2566"]
[BlackElo "2776"]
[TimeControl "180+1"]
[EndTime "14:59:04 PDT"]
[Termination "monomita won by resignation"]

1. Nf3 e6 2. g3 c5 3. c4 Nc6 4.
Bg2 g5 5. d3 g4 6. Nfd2 h5 7.
h3 Bg7 8. hxg4 hxg4 9. Rxh8 Bxh8 10. Nc3 f5 11. Nb3 d6 12. Kd2 Qg5+ 13. Kc2 Qh5 14. Nb5 Kd7 15. Bf4 e5 16. Be3 Nf6 17. Qh1 a6 18. Nxd6 Kxd6 19. Qxh5 Nxh5 20. Bxc5+ Kc7 21. Rh1 Nxg3 22. fxg3 Bf6 23. Rh6 Bg5 24. Rg6 Bd8 25.
Bd6+ Kd7 26. Nc5+ Ke8 27. Bd5 Nb4+ 28. Kc3 Nxd5+ 29. cxd5 Kf7 30. Rh6 Bf6 31. Kc4 b5+ 32. Kb4 Kg7 33. Rh1 Ra7 34. e4 Rf7 35. Rf1 Kg6 36. exf5+ Bxf5 37. Ne4 Bxe4 38. dxe4 Be7 39. Rxf7 Bxd6+ 40. Ka5 Kxf7 41. Kxa6 b4 42. Kb5 Ke7 43. Kc4 Kd7 44. Kb5 Kc7 45. Ka5 Bc5 46. Kb5 Bf2 47. Kxb4 Bxg3 48. Kc4 Bf2 49. Kd3 Bd4 50. Ke2 Kd6 51. b3 Ke7 52. Kf1 Kf6 53. a4 Bc3 54. Kg2 Be1 55. Kg1 Kg5 56. Kg2 Kf4 57. d6 Ba5 58. b4 Bxb4 59. d7 Ba5 60. Kf2 Kxe4 61. Kg3 Kd5 62. Kxg4 Ke6 63. d8=Q Bxd8 64. Kf3 Kd5 65. Ke3 e4 66. Ke2 Bg5 67. a5 Be7 0-1

[Event "Late-Titled-Tuesday-Blitz-June-18-2024"]
[Site "Chess.com"]
[Date "2024.06.18"]
[Round "5"]
[White "Zurability"]
[Black "HajiyevKanan"]
[Result "1-0"]
[WhiteElo "2799"]
[BlackElo "2560"]
[TimeControl "180+1"]
[EndTime "14:59:08 PDT"]
[Termination "Zurability won by checkmate"]

1. e4 a6 2. d4 c6 3. Bd3 d5 4.
exd5 cxd5 5. c3 Nc6 6. Bf4 Nf6 7. h3 g6 8. Nf3 Bg7 9. O-O O-O 10. Nbd2 Bf5 11. Nb3 Bxd3 12. Qxd3 e6 13. Rfe1 b6 14.
a4 Ne4 15. Nbd2 Nxd2 16. Qxd2 Re8 17. Bh6 Bf6 18. Qf4 Ra7 19. h4 Bg7 20. h5 Qc7 21. Qe3 Ne7 22. Bxg7 Kxg7 23. h6+ Kg8 24. Qg5 Qd8 25. g4 Nc6 26. Qf4 Qe7 27. Re2 Qf8 28. Kg2 Na5 29. g5 Nc4 30. b3 Nd6 31. Ne5 Nf5 32. Ng4 Rc8 33. Qe5 Qd6 34. Rc1 Qxe5 35.
Nxe5 Rac7 36. c4 Nxd4 37. Re3 b5 38. Rd1 Nf5 39. Red3 bxc4 40. bxc4 d4 41. Rb1 Kf8 42. f4 Ke7 43. Rb6 Ne3+ 44. Kf3 Nxc4 45. Rxa6 Nxe5+ 46.
fxe5 Rc3 47. Ke4 Rxd3 48. Kxd3 Rc3+ 49. Kxd4 Rg3 50. Ra7+ Ke8 51. Ra8+ Ke7 52. Rh8 Rg4+ 53. Kc5 Rxg5 54. Rxh7 Rxe5+ 55. Kb6 Re1 56. a5 Rb1+ 57. Ka7 e5 58. Rh8 Kf6 59. a6 g5 60. Rb8 Ra1 61.
Rb6+ Ke7 62. h7 Rh1 63. Kb7 Rxh7 64. a7 Rh8 65. Rc6 Rd8 66. Rc8 Rd1 67. a8=Q Rb1+ 68.
Kc6 Rc1+ 69. Kd5 Rxc8 70. Qxc8 Kf6 71. Qd8+ Kf5 72. Qd7+ Kf6 73. Qd6+ Kf5 74. Qxe5+ Kg6 75. Qe4+ f5 76. Qe6+ Kh5 77. Qxf5 Kh4 78. Ke4 g4 79. Kf4 Kh3 80. Qxg4+ Kh2 81. Kf3 Kh1 82. Qg2# 1-0

[Event "Late-Titled-Tuesday-Blitz-June-18-2024"]
[Site "Chess.com"]
[Date "2024.06.18"]
[Round "5"]
[White "KingCyber19"]
[Black "Igor_Lysyj"]
[Result "0-1"]
[WhiteElo "2622"]
[BlackElo "2847"]
[TimeControl "180+1"]
[EndTime "14:59:08 PDT"]
[Termination "Igor_Lysyj won by resignation"]

1. d4 d5 2. c4 e6 3. g3 Nf6 4.
Bg2 Be7 5. Nf3 O-O 6. O-O dxc4 7. Qa4 a6 8. Qxc4 b5 9. Qc2 Bb7 10. Bd2 Be4 11. Qc1 c6 12. a4 Nbd7 13. Nc3 Bg6 14. Ne5 Nxe5 15. dxe5 Nd5 16. axb5 axb5 17. Nxd5 cxd5 18.
Rxa8 Qxa8 19. Qc7 Re8 20. Be3 b4 21. Rc1 Bf8 22. h4 b3 23. Bf3 Bc2 24. h5 h6 25.
g4 Rc8 26. Qd7 Rc4 27. g5 hxg5 28. Bxg5 Qb8 29. Be7 Rc7 30. Qd8 Qxd8 31. Bxd8 Ra7 32. Bb6 Ra4 33. e3 Ba3 34. Bd4 Rxd4 35. exd4 Bxb2 36.
Rf1 Bxd4 37. Bd1 Bd3 38. Bxb3 Bxf1 39. Kxf1 Bxe5 40. Kg2 Kh7 41. Kh3 Kh6 42. Bd1 Kg5 43.
Kg2 f5 44. Kf1 Bf4 45. Bf3 d4 46. Ke2 e5 47. Ke1 e4 48. Bd1 Bd6 49. Be2 d3 50.
Bd1 Bb4+ 51. Kf1 Kf4 52. Kg2 Bc5 53. Kf1 Ke5 54. Kg2 Bb4 55. Kf1 Kd4 56. Kg2 f4 57. h6 gxh6 58. Kf1 e3 59. fxe3+ fxe3 60. Bh5 Be7 61.
Bg4 Kc3 62. Bf3 Kd2 0-1